 Dungeon Crawl Stone Soup version 0.22-a0-93-g6b88ebb (webtiles) character file.

464 Kavrick the Cutter (level 7, -1/43 HPs)
             Began as a Kobold Gladiator on Jan 24, 2018.
             Was an Initiate of Dithmenos.
             Slain by a worker ant (3 damage)
             ... on level 4 of the Dungeon.
             The game lasted 00:04:21 (3053 turns).

Kavrick the Cutter (Kobold Gladiator)               Turns: 3053, Time: 00:04:22

Health: -1/43      AC:  6    Str: 14    XL:     7   Next: 29%
Magic:  7/7        EV: 17    Int:  9    God:    Dithmenos [......]
Gold:   237        SH:  0    Dex: 16    Spells: 6/6 levels left

rFire    . . .     SeeInvis .   a - +0 rapier
rCold    . . .     Gourm    .   (shield restricted)
rNeg     . . .     Faith    .   b - +0 leather armour
rPois    .         Spirit   .   c - +0 helmet
rElec    .         Reflect  .   (no cloak)
rCorr    .         Harm     .   s - +0 pair of gloves
MR       .....                  t - +0 pair of boots
Stlth    +.........             (no amulet)
HPRegen  0.14/turn              (no ring)
MPRegen  0.10/turn              (no ring)

@: sleeping, glowing
A: small, carnivore
a: Renounce Religion


You were on level 4 of the Dungeon.
You worshipped Dithmenos.
Dithmenos was noncommittal.
You were very full.

You visited 1 branch of the dungeon, and saw 4 of its levels.

You collected 237 gold pieces.

Inventory:

Hand Weapons
 a - a +0 rapier (weapon)
Missiles
 d - 3 throwing nets (quivered)
Armour
 b - a +0 leather armour (worn)
 c - a +0 helmet (worn)
 g - a +0 ring mail
 s - a +0 pair of gloves (worn)
 t - a +0 pair of boots (worn)
Wands
 w - a wand of digging (15)
Scrolls
 i - 4 scrolls of remove curse {unknown}
 k - a scroll of fear {unknown}
 m - a scroll of enchant armour {unknown}
 p - a scroll of teleportation {unknown}
 r - a scroll of amnesia {unknown}
Potions
 e - a potion of might {unknown}
 h - a potion of cancellation {unknown}
 j - a potion of berserk rage {unknown}
 l - a potion of curing {unknown}
 n - a potion of resistance {unknown}
 o - a potion of agility {unknown}
 q - a potion of heal wounds {unknown}
 u - a potion of mutation {unknown}
Comestibles
 f - 7 rations
 v - 2 chunks of flesh


   Skills:
 + Level 4.0 Fighting
 * Level 7.1 Short Blades
 - Level 2.1 Throwing
 + Level 2.3 Armour
 + Level 5.2 Dodging


You had 6 spell levels left.
You didn't know any spells.

Dungeon Overview and Level Annotations

Branches:
Dungeon (4/15)
 Temple: D:4-7

Altars:
Dithmenos
Fedhas
Gozag
Trog

Shops:
D:4 ?

Annotations:
D:4 Soeti's ghost, amateur OpEn


Innate Abilities, Weirdness & Mutations

You are small and have problems with some larger weapons.
You are carnivorous and can eat meat at any time.


Message History

Soeti's ghost casts a spell at you. You resist with significant effort.
You're too full to eat anything.
Okay, then.
Soeti's ghost stares at you and mumbles some strange words.
You resist with significant effort.
A worker ant comes into view.
The worker ant twitches its antennae in your direction.
You hit the worker ant.
The worker ant is lightly wounded.
The worker ant closely misses you.
You puncture the worker ant!
The worker ant is severely wounded.
Soeti's ghost stares at you and mumbles some strange words.
You fall asleep.
The worker ant misses you. x2
Soeti's ghost casts a spell at you.
You are outlined in light.
The worker ant bites you.
You die...

#.....# #.#
#.....# #.#
#.....#
#.#######
#######
#.......#
#######.#
#W# #.#
#########W#
......a@..#
###########


You could see a worker ant and Soeti's ghost.

Vanquished Creatures
  Sigmund (D:2)
  2 howler monkeys (D:4)
  A centaur skeleton (D:4)
  A hound (D:4)
  Jessica (D:3)
  3 adders
  3 oozes
  A worm (D:2)
  A dart slug (D:2)
  2 leopard geckos (D:3)
  9 orcs
  3 ball pythons
  6 giant cockroaches
  12 goblins
  7 hobgoblins
  3 jackals (D:3)
  3 quokkas
  11 bats
  4 frilled lizards
  3 kobolds
  10 rats
87 creatures vanquished.

Notes
Turn   | Place    | Note
-------+----------+-------------------------------------------
     0 | D:1      | Kavrick the Kobold Gladiator began the quest for the Orb.
     0 | D:1      | Reached XP level 1. HP: 12/12 MP: 1/1
   186 | D:1      | Reached XP level 2. HP: 18/18 MP: 2/2
   436 | D:1      | Reached XP level 3. HP: 17/22 MP: 3/3
   890 | D:2      | Noticed Sigmund
  1102 | D:2      | Found a bloodstained altar of Trog.
  1114 | D:2      | Reached skill level 1 in Armour
  1142 | D:2      | Reached XP level 4. HP: 27/27 MP: 4/4
  1160 | D:2      | Reached skill level 5 in Short Blades
  1222 | D:2      | Killed Sigmund
  1222 | D:2      | Reached skill level 6 in Short Blades
  1222 | D:2      | Reached XP level 5. HP: 14/32 MP: 5/5
  1222 | D:2      | Reached XP level 6. HP: 16/37 MP: 6/6
  1662 | D:3      | Noticed Jessica
  1671 | D:3      | Killed Jessica
  1969 | D:3      | Found a shadowy altar of Dithmenos.
  1982 | D:3      | Became a worshipper of Dithmenos the Shadowed
  2484 | D:3      | Found a blossoming altar of Fedhas.
  2576 | D:4      | Found Niacaqud's Magic Scroll Shop.
  2603 | D:4      | Reached skill level 5 in Dodging
  2609 | D:4      | Reached XP level 7. HP: 25/42 MP: 7/7
  2860 | D:4      | Found an opulent altar of Gozag.
  2897 | D:4      | Reached skill level 7 in Short Blades
  2970 | D:4      | Noticed Soeti's ghost (amateur OpEn)
  3042 | D:4      | HP: 1/43 [Soeti's ghost (16)]
  3053 | D:4      | Slain by a worker ant

Vault maps used:
D:1:      onia_arrival_handbag
D:2:      lemuel_crystal_altar, uniq_sigmund
D:3:      lemuel_coloured_pillars_altar, first_ration,
          nicolae_dithmenos_shadow_blocks, uniq_jessica
D:4:      serial_shops, shop, nicolae_gozag_seed_capital

Skill      XL: |  1  2  3  4  5  6  7 |
---------------+----------------------+-----
Dodging        | 4 5 |  5.2
Armour         | 1 2 |  2.3
Short Blades   | 6 7 |  7.1
Fighting       | 3 4 |  4.0
Throwing       | |  2.1

Action                   |  1- 3 |  4- 6 |  7- 9 || total
-------------------------+-------+-------+-------++-------
Melee: Rapier            |    92 |   176 |    47 ||   315
 Stab: Sleeping          |     1 |     3 |       ||     4
  Eat: Chunk             |     9 |     5 |     1 ||    15
Armor: Leather armour    |    18 |    29 |    14 ||    61
Dodge: Dodged            |    68 |   132 |    38 ||   238

Table legend:
 A = Spawn XP
 B = Non-spawn XP
 C = Spawn XP percentage of total XP
 D = Spawn monster count
 E = Non-spawn monster count
 F = Spawn count percentage of total count
 G = Total turns spent on level
                    A         B        C        D         E        F      G
               +---------+---------+-------+---------+---------+-------+---------
         Total |       0 |     664 |   0.0 |       0 |      87 |   0.0 |  3053
               +---------+---------+-------+---------+---------+-------+---------
           D:1 |       0 |      40 |   0.0 |       0 |      25 |   0.0 |   980
           D:2 |       0 |     283 |   0.0 |       0 |      24 |   0.0 |   671
           D:3 |       0 |     114 |   0.0 |       0 |      28 |   0.0 |   871
           D:4 |       0 |     227 |   0.0 |       0 |      10 |   0.0 |   531
               +---------+---------+-------+---------+---------+-------+---------
